 Dungeon Crawl Stone Soup version 0.31-a0-841-g038b102fc3 (webtiles) character file.

Game seed: 9618037352886707645

1857 tilp the Sneak (level 8, -5/62 HPs)
             Began as a Vampire Enchanter on Sept 28, 2023.
             Slain by a gnoll sergeant
             ... wielding a +2 trident of flaming
              (15 damage)
             ... on level 6 of the Dungeon.
             The game lasted 00:10:31 (5471 turns).

tilp the Sneak (Vampire Enchanter)                  Turns: 5471, Time: 00:10:31

Health: -5/62      AC:  6    Str:  7    XL:     8   Next: 89%
Magic:  0/14       EV: 13    Int: 20    God:
Gold:   64         SH:  0    Dex: 14    Spells: 2/15 levels left

rFire   + + .        a - +2 dagger (heavy)
rCold   + . .        (no shield)
rNeg    . . .        l - +1 robe {rF+}
rPois   .            v - +1 helmet
rElec   .            (no cloak)
rCorr   .            (no gloves)
SInv    +            n - +0 pair of boots "Orchimaoq" {rC+}
Will    .....        (no amulet)
Stlth   ++++         k - ring of protection from fire
HPRegen 0.50/turn    (no ring)
MPRegen 0.14/turn

%: no passive effects
@: weak-willed, very slightly contaminated, healing quickly, invisible
A: alive, fangs 3, see invisible, vampiric 2
a: Exsanguinate


You were on level 6 of the Dungeon.
You visited 2 branches of the dungeon, and saw 7 of its levels.

You collected 273 gold pieces.
You spent 209 gold pieces at shops.

Inventory:

Hand Weapons
 a - a +2 heavy dagger (weapon)
Missiles
 d - 52 stones
 w - a boomerang (quivered)
Armour
 j - a +0 pair of boots
 l - a +1 robe of fire resistance (worn)
 n - the +0 pair of boots "Orchimaoq" (worn) {rC+}
   (You bought it in a shop on level 2 of the Dungeon)

   rC+:       It protects you from cold.
 v - a +1 helmet (worn)
Jewellery
 k - a ring of protection from fire (left hand)
 t - a ring of ice
 y - a ring of flight
Wands
 i - a wand of paralysis (6)
Scrolls
 g - 3 scrolls of enchant weapon
 m - a scroll of amnesia
 o - a scroll of vulnerability
 p - 3 scrolls of immolation
 q - a scroll of fog
Potions
 b - 2 potions of berserk rage
 c - a potion of invisibility
 e - a potion of lignification
 h - 3 potions of attraction
 r - a potion of cancellation {unknown}
 s - a potion of ambrosia {unknown}
 u - a potion of resistance {unknown}
 x - 2 potions of haste {unknown}


   Skills:
 * Level 5.1 Fighting
 * Level 6.3 Short Blades
 - Level 4.0 Dodging
 + Level 7.9 Stealth
 + Level 4.1 Spellcasting
 + Level 7.2 Hexes
 - Level 2.0 Evocations


You had 2 spell levels left.
You knew the following spells:

 Your Spells              Type           Power      Damage    Failure   Level
a - Ensorcelled Hibernat  Hex/Ice        36%        N/A       4%          2
b - Confusing Touch       Hex            33%        N/A       1%          3
c - Tukima's Dance        Hex            33%        N/A       1%          3
d - Dazzling Flash        Conj/Hex       36%        N/A       9%          3
e - Jinxbite              Hex            66%        N/A       1%          2

Your spell library contained the following spells:

 Spells                   Type           Power      Damage    Failure   Level
 Lesser Beckoning         Tloc           8%         N/A       19%         2
 Anguish                  Hex/Necr       9%         N/A       28%         4
 Gell's Gravitas          Tloc           4%         N/A       36%         3
 Teleport Other           Tloc           4%         N/A       36%         3


Dungeon Overview and Level Annotations

Branches:
Dungeon (6/15)             Temple (1/1) D:6

Altars:
Ashenzari
Cheibriados
Dithmenos
Fedhas
Gozag
Hepliaklqana
Kikubaaqudgha
Makhleb
Qazlal
Ru
Vehumet
Xom
Yredelemnul

Shops:
D:2 [


Innate Abilities, Weirdness & Mutations

Your natural rate of healing is accelerated.
You have razor-sharp teeth.
You have supernaturally acute eyesight. (SInv)
You are afflicted with vampirism and can become a bat while bloodless.


Message History

Your Spellcasting skill increases to level 4!
Unknown command.
You hit the water moccasin. Your bite misses the water moccasin.
The water moccasin is lightly wounded.
A giggling sprite leaps out and makes the water moccasin trip over its own tail.
The water moccasin is moderately wounded.
You hear the hiss of a very distant avalanche of sand.
The jinxing sprites lose interest in you.
The gnoll sergeant barely misses you. The water moccasin closely misses you.
Unknown command.
Casting: Ensorcelled Hibernation (safe; 4% risk of failure)
Confirm with . or Enter, or press ? or * to list all spells.
Aiming: Ensorcelled Hibernation (safe; 4% risk of failure)
Press: ? - help, Shift-Dir - straight line, f - water moccasin
Aim: a water moccasin (moderately wounded, heavily drained, chance to affect: 58%)
The water moccasin looks drowsy...
The gnoll sergeant hits you from afar with a +2 trident of flaming!
* * * LOW HITPOINT WARNING * * *
The gnoll sergeant burns you.
* * * LOW HITPOINT WARNING * * *
The helpless water moccasin fails to defend itself.
You spit the water moccasin like a pig!!!
You kill the water moccasin!
The gnoll sergeant hits you from afar with a +2 trident of flaming!
* * * LOW HITPOINT WARNING * * *
The kobold brigand barely misses you.
The gnoll sergeant completely misses you.
You fade into invisibility!
The white imp gestures at you.
The puff of frost misses the kobold brigand.
The puff of frost hits you. You resist.
* * * LOW HITPOINT WARNING * * *
The kobold brigand hits you but does no damage.
The gnoll sergeant barely misses you.
Unknown command.
You feel better.
The kobold brigand hits you with a +0 short sword!
* * * LOW HITPOINT WARNING * * *
The gnoll sergeant hits you from afar with a +2 trident of flaming!
You die...

##..##.###...###
.##..........>.#
....8..#.#...#.##
.##......#...#..###
##..##..##...##...#
#..##..##########.##
..##..## #..# ..#..#
####.# ....# #
##.@#.# ####
##.#g#K#.# .
##.#..#..5#.#
#F..#...#.#.#
#K..#.....#
S.#...#.#.#
.#..#...#.#
#####.#.#.#.# #...#
##[(#.#


You could see a kobold brigand (unable to see you), a gnoll sergeant (unable to
see you) and a white imp (unable to see you).

Vanquished Creatures
  Pikel (D:4)
  Sigmund (D:3)
  Menkaure (D:4)
  A water moccasin (D:6)
  A black bear (D:5)
  An ogre (D:4)
  2 phantoms
  A bullfrog (D:6)
  A scorpion (D:5)
  A howler monkey (D:4)
  2 jellies (D:5)
  An orc priest (D:4)
  A gnoll bouda (D:5)
  2 hounds (D:5)
  Jessica (D:3)
  2 iguanas (D:6)
  An orc wizard (D:5)
  8 gnolls
  5 adders
  2 ufetubi
  10 dart slugs
  19 orcs
  10 ball pythons
  6 bats
  2 bat zombies (D:3)
  9 endoplasms
  4 giant cockroaches
  6 goblins
  6 hobgoblins
  5 jackals
  8 kobolds
  2 quokkas
  6 frilled lizards
  3 rats
  2 rat zombies (D:3)
134 creatures vanquished.

Notes
Turn   | Place    | Note
-------+----------+-------------------------------------------
     0 | D:1      | tilp the Vampire Enchanter began the quest for the Orb.
     0 | D:1      | Reached XP level 1. HP: 13/13 MP: 3/3
   110 | D:1      | Found a faded altar of an unknown god.
   178 | D:1      | Reached XP level 2. HP: 20/20 MP: 5/5
   225 | D:1      | Learned a level 2 spell: Ensorcelled Hibernation
   776 | D:2      | Reached skill level 1 in Fighting
   788 | D:2      | HP: 1/21 [adder (3)]
   795 | D:2      | Gained mutation: You are afflicted with vampirism and can
                  | become a bat while bloodless. [Vampire growth]
   795 | D:2      | Reached XP level 3. HP: 7/26 MP: 0/6
   924 | D:2      | Learned a level 3 spell: Confusing Touch
  1296 | D:2      | Found Fufuij's Antique Armour Boutique.
  1816 | D:3      | Noticed Sigmund
  1822 | D:3      | Killed Sigmund
  1823 | D:3      | Reached skill level 5 in Stealth
  1823 | D:3      | Reached skill level 5 in Hexes
  1823 | D:3      | Reached XP level 4. HP: 26/33 MP: 0/7
  1823 | D:3      | Reached XP level 5. HP: 30/38 MP: 0/8
  2013 | D:3      | Learned a level 3 spell: Tukima's Dance
  2134 | D:3      | Noticed Jessica
  2144 | D:3      | Killed Jessica
  2145 | D:3      | Reached skill level 1 in Evocations
  2480 | D:3      | Found an ancient bone altar of Kikubaaqudgha.
  2780 | D:4      | Reached XP level 6. HP: 39/44 MP: 7/9
  3129 | D:4      | Noticed Pikel
  3131 | D:4      | Noticed Menkaure
  3163 | D:4      | Killed Pikel
  3164 | D:4      | Reached XP level 7. HP: 34/52 MP: 1/11
  3340 | D:4      | Killed Menkaure
  3341 | D:4      | Reached skill level 5 in Short Blades
  3341 | D:4      | Reached XP level 8. HP: 12/60 MP: 9/13
  3547 | D:2      | Bought a pair of warped boots for 209 gold pieces
  3547 | D:2      | Identified the +0 pair of boots "Orchimaoq" {rC+} (You
                  | bought it in a shop on level 2 of the Dungeon)
  4245 | D:4      | Learned a level 3 spell: Dazzling Flash
  4248 | D:4      | Learned a level 2 spell: Jinxbite
  4282 | D:5      | Entered Level 5 of the Dungeon
  5322 | D:6      | Found a staircase to the Ecumenical Temple.
  5338 | Temple   | Entered the Ecumenical Temple
  5467 | D:6      | Reached skill level 5 in Fighting
  5471 | D:6      | Slain by a gnoll sergeant

Illustrated notes

Levels and vault maps discovered:
D:1:      erik_arrival_blinker_ship, layout_loops_ring, basic_ecumenical_altar
D:2:      layout_loops_corners, serial_shops, shop,
          ebering_dispersal_statue_hall
D:3:      layout_basic, lemuel_zombie_altar_kikubaaqudgha,
          chequers_serial_rivers_micro_e, uniq_jessica, uniq_sigmund
D:4:      kennysheep_slugbush, layout_layer_cave, uniq_pikel, uniq_menkaure
D:5:      layout_loops_ring
D:6:      minmay_spotlight, layout_basic, mainiacjoe_overflow_two_lobes,
          nicolae_wu_jian_immortal_techniques, minmay_temple_entry_waves,
          enter_ossuary_5, serial_shops, shop, shop, shop,
          nicolae_shop_pleasant_corner_grove, nicolae_stop_n_shop_2,
          serial_corexii_hall, corexii_hall_statues_x, corexii_hall_statues_s,
          uniq_prince_ribbit1, uniq_grinder
Temple:   eino_temple_lava

Skill      XL: |  1  2  3  4  5  6  7  8 |
---------------+-------------------------+-----
Fighting       | 1 2 3 5 |  5.1
Short Blades   | 2 3 4 5 6 |  6.3
Stealth        | 5 6 7 |  7.9
Hexes          | 5 6 7 |  7.2
Evocations     | 1 2 |  2.0
Dodging        | 3 4 |  4.0
Spellcasting   | 3 4 |  4.1

Action                     |  1- 3 |  4- 6 |  7- 9 || total
---------------------------+-------+-------+-------++-------
  Melee: Dagger            |   129 |    97 |   135 ||   361
         Bite              |     6 |     7 |    10 ||    23
         Punch             |     1 |     1 |     2 ||     4
  Throw: Stone             |       |       |     1 ||     1
   Cast: Ensorcelled Hiber |     8 |    28 |    20 ||    56
         Confusing Touch   |       |     2 |     3 ||     5
         Dazzling Flash    |       |       |     5 ||     5
         Jinxbite          |       |       |     4 ||     4
  Evoke: Wand              |       |     1 |       ||     1
    Use: Scroll            |     2 |     8 |     3 ||    13
         Potion            |     1 |       |     2 ||     3
   Stab: Sleeping          |     8 |    25 |    16 ||    49
         Confused          |       |     1 |     1 ||     2
         Paralysed         |       |     1 |       ||     1
         Invisible         |       |       |     2 ||     2
 Armour: Robe              |    68 |    68 |    94 ||   230
  Dodge: Dodged            |    66 |    79 |   104 ||   249

Table legend: (Time is in decaauts)
 A = Elapsed time spent in this place.
 B = Non-inter-level travel time spent in this place.
 C = Inter-level travel time spent in this place.
 D = Time resting spent in this place.
 E = Time spent auto-exploring this place.
 F = Levels seen in this place.
 G = Mean time per level.
                   A        B        C        D        E       F      G
               +--------+--------+--------+--------+--------+-----+--------+
         Total |   5519 |   5040 |    479 |    508 |   3217 |   7 |  788.4 |
       Dungeon |   5517 |   5038 |    479 |    508 |   3217 |   6 |  919.5 |
        Temple |      1 |      1 |      0 |      0 |      0 |   1 |    1.0 |
               +--------+--------+--------+--------+--------+-----+--------+

Top non-repeatable levels by time:
     D:4: 1454 daAuts
     D:3: 1067 daAuts
     D:2: 1042 daAuts
     D:5: 982 daAuts
     D:1: 817 daAuts
     D:6: 152 daAuts
  Temple: 1 daAuts
